 Dungeon Crawl Stone Soup version 0.27-a0-887-gcab673c142 (webtiles) character file.

Game seed: 17227787887734247653

2 wakim the Vexing (level 1, -1/19 HPs)
             Began as an Ogre Arcane Marksman on Apr 3, 2021.
             Slain by a rat (3 damage)
             ... on level 1 of the Dungeon.
             The game lasted 00:01:21 (36 turns).

wakim the Vexing (Ogre Arcane Marksman)               Turns: 36, Time: 00:01:21

Health: -1/19      AC:  3    Str: 13    XL:     1   Next: 40%
Magic:  2/2        EV:  9    Int: 14    God:
Gold:   0          SH:  0    Dex:  9    Spells: 1/2 levels left

rFire    . . .     SeeInvis .   a - +0 whip {mace}
rCold    . . .     Faith    .   (no shield)
rNeg     . . .     Spirit   .   b - +0 robe
rPois    .         Reflect  .   (helmet restricted)
rElec    .         Harm     .   (no cloak)
rCorr    .         Rampage  .   (gloves unavailable)
Will     .....                  (boots unavailable)
Stlth    +.........             (no amulet)
HPRegen  0.06/turn              (no ring)
MPRegen  0.08/turn              (no ring)

@: no status effects
A: large, unfitting armour, tough skin 1
a: no special abilities


You were on level 1 of the Dungeon.
You visited 1 branch of the dungeon, and saw 1 of its levels.


Innate Abilities, Weirdness & Mutations

You are too large for most types of armour.
You have tough skin. (AC +1)


   Skills:
 + Level 1.5 Fighting
 * Level 2.1 Throwing
 + Level 1.8 Dodging
 - Level 1.2 Spellcasting
 - Level 2.6 Hexes


You had one spell level left.
You knew the following spells:

 Your Spells              Type           Power      Damage    Failure   Level
a - Corona                Hex            8%         N/A       9%          1

Your spell library contained the following spells:

 Spells                   Type           Power      Damage    Failure   Level
 Slow                     Hex            8%         N/A       13%         2
 Inner Flame              Hex/Fire       4%         N/A       41%         3
 Portal Projectile        Hex/Tloc       8%         N/A       41%         3
 Cause Fear               Hex            4%         N/A       65%         4
 Leda's Liquefaction      Hex/Erth       2%         N/A       83%         4

Inventory:

Hand Weapons
 a - a +0 whip (weapon) {mace}
   (You found it on level 1 of the Dungeon)
Missiles
 c - 3 large rocks (quivered) {=fthrowing}
 d - 2 throwing nets {=f!fthrowing}
Armour
 b - a +0 robe (worn)

Dungeon Overview and Level Annotations

Branches:
Dungeon (1/15)

Altars:

....##.........###...
...........##.......#
...........##.......#
....................#
.................†..#
.....>........##....#
....<.........##....#
....................#
................@.†.#
...........##...r(..#
...........##.......#
....##.........###..#
.... #.......... ...#
...............###....
...####......... ...#.
#####.#### ##.#.. #.
.# ##


You could see a rat.


Message History

🤖 Initializing magus.rc ... ✅ Successfully initialized magus.rc [v1.9.6] Welcome, wakim the Ogre Arcane Marksman.
It is said that the Orb of Zot exists deep within this dungeon.
Press ? for a list of commands and other information.
Okay, then.
b - a +0 whip {mace} Adjust (i)tems, (s)pells, or (a)bilities?
b - a +0 whip {mace} Adjust to which letter? (? for menu, Esc to quit)
a - a +0 whip {mace};
b - a +0 robe (worn)
a - a +0 whip (weapon)
{mace} A rat comes into view.
A rat comes into view.
You completely miss the rat. The rat bites you. 😕 HP[-1]
You take 1 damage, and now have 18/19 hp.
You hit the rat.
You kill the rat!
A quokka comes into view.
A rat comes into view.
The rat bites you but does no damage.
You hit the rat. The rat barely misses you. The rat bites you. 😕 HP[-1]
You take 1 damage, and now have 17/19 hp.
You hit the rat.
You kill the rat!
You see here a rat corpse.
The rat bites you but does no damage.
You barely miss the rat. The rat bites you but does no damage.
The quokka bites you but does no damage.
You closely miss the rat.
The quokka bites you but does no damage.
The rat bites you. 😕 HP[-2]
You take 2 damage, and now have 15/19 hp.
You closely miss the rat. The quokka bites you.
The rat bites you but does no damage. 😮 HP[-2]
You take 2 damage, and now have 13/19 hp.
You barely miss the quokka. The quokka bites you. The rat barely misses you.
The quokka bites you but does no damage. 😮 HP[-3]
You take 3 damage, and now have 10/19 hp.
You closely miss the quokka. The rat bites you.
* * * LOW HITPOINT WARNING * * *
The quokka barely misses you. 😨 HP[-2]
You take 2 damage, and now have 8/19 hp.
You closely miss the quokka. The quokka closely misses you.
The rat closely misses you. 😨 HP[+1]
You barely miss the quokka.
The quokka twitches its whiskers.
The quokka bites you.
* * * LOW HITPOINT WARNING * * *
The rat bites you.
* * * LOW HITPOINT WARNING * * *
The quokka bites you but does no damage. 😱 HP[-6]
You take 6 damage, and now have 3/19 hp.
MASSIVE DAMAGE!! (PAUSE) Throw: 4 large rocks {=fthrowing}
Press: ? - help, Q - select action, (/) - cycle Shift-Dir - straight line, f - quokka
Aim: a quokka (41% to hit)
You throw a large rock {=fthrowing}.
The large rock {=fthrowing} hits the quokka!
You kill the quokka!
The rat bites you but does no damage. The rat bites you.
* * * LOW HITPOINT WARNING * * *
😱 HP[-1]
You take 1 damage, and now have 2/19 hp.
You closely miss the rat. The rat closely misses you.
You closely miss the rat. The rat bites you.
You die...

Action                   || total
-------------------------++-------
Melee: Whip              ||    13
Throw: Large rock        ||     1
Armor: Robe              ||     9
Dodge: Dodged            ||     6

Levels and vault maps discovered:
D:1:      dpeg_arrival_stonehenge_8_columns, layout_loops_ring,
          basic_ecumenical_altar, serial_shops, shop, minmay_lizard_king

Notes
Turn   | Place    | Note
-------+----------+-------------------------------------------
     0 | D:1      | wakim the Ogre Arcane Marksman began the quest for the Orb.
     0 | D:1      | Reached XP level 1. HP: 19/19 MP: 2/2
     0 | D:1      | magus.rc [v1.9.6]
    33 | D:1      | HP: 3/19 [rat (2)]
    36 | D:1      | Slain by a rat

Vanquished Creatures
  A quokka (D:1)
  2 rats (D:1)
3 creatures vanquished.

Table legend:
 A = Non-vault XP
 B = Vault XP
 C = Vault XP percentage of total XP
 D = Non-vault monster count
 E = Vault monster count
 F = Vault count percentage of total count
                 A         B        C        D         E       F
            +---------+---------+-------+---------+---------+-------
      Total |       4 |       0 |   0.0 |       3 |       0 |   0.0
            +---------+---------+-------+---------+---------+-------
        D:1 |       4 |       0 |   0.0 |       3 |       0 |   0.0
            +---------+---------+-------+---------+---------+-------

Illustrated notes

Table legend:
 A = Kills in this place as a percentage of kills in entire the game.
 B = Kills by you in this place as a percentage of kills by you in the entire game.
 C = Kills by friends in this place as a percentage of kills by friends in the entire game.
 D = Other kills in this place as a percentage of other kills in the entire game.
 E = Experience gained in this place as a percentage of experience gained in the entire game.
 F = Experience gained in this place divided by the number of levels of this place that you have seen.
                   A       B       C       D       E      F
               +-------+-------+-------+-------+-------+----------------------
         Total | 100.0 | 100.0 |   N/A |   N/A | 100.0 |   4.0
       Dungeon | 100.0 | 100.0 |   N/A |   N/A | 100.0 |   4.0
               +-------+-------+-------+-------+-------+----------------------

Table legend: (Time is in decaauts)
 A = Elapsed time spent in this place.
 B = Non-inter-level travel time spent in this place.
 C = Inter-level travel time spent in this place.
 D = Time resting spent in this place.
 E = Time spent auto-exploring this place.
 F = Levels seen in this place.
 G = Mean time per level.
                   A        B        C        D        E       F      G
               +--------+--------+--------+--------+--------+-----+--------+
         Total |     37 |     37 |      0 |      0 |      9 |   1 |   37.0 |
       Dungeon |     37 |     37 |      0 |      0 |      9 |   1 |   37.0 |
               +--------+--------+--------+--------+--------+-----+--------+

Top non-repeatable levels by time:
     D:1: 37 daAuts
